 Dungeon Crawl Stone Soup version 0.29.0-4-gdea44cf6ec (webtiles) character file.

Game seed: 16290565228884696350

39 qw the Sneak (level 3, -7/23 HPs)
             Began as a Gargoyle Delver on Sept 10, 2022.
             Mangled by an ogre
             ... wielding a +0 giant spiked club
              (22 damage)
             ... on level 4 of the Dungeon.
             The game lasted 00:00:07 (350 turns).

qw the Sneak (Gargoyle Delver)                       Turns: 350, Time: 00:00:07

Health: -7/23      AC:  7    Str: 17    XL:     3   Next: 47%
Magic:  3/3        EV: 11    Int: 10    God:
Gold:   15         SH:  3    Dex: 11    Spells: 2/2 levels left

rFire   . . .      SeeInvis .   Y - +0 hand axe
rCold   . . .      Faith    .   j - +0 buckler
rNeg    + . .      Spirit   .   b - +0 leather armour
rPois   inf        Reflect  .   h - +0 helmet
rElec   +          Harm     .   (no cloak)
rCorr   .          Rampage  .   (no gloves)
Will    .....                   (no boots)
Stlth   +++.......              (no amulet)
HPRegen 0.07/turn               (no ring)
MPRegen 0.08/turn               (no ring)

@: no status effects
A: sickness immunity, AC +3, negative energy resistance 1, electricity
resistance, torment resistance 1, petrification resistance
a: no special abilities


You were on level 4 of the Dungeon.
You visited 1 branch of the dungeon, and saw 2 of its levels.

You collected 15 gold pieces.


Innate Abilities, Weirdness & Mutations

You are immune to sickness and miasma.
Your stone body is resilient. (AC +3)
You are immune to poison.
You resist negative energy. (rN+)
You are resistant to electric shocks. (rElec)
You are resistant to unholy torment.
You are immune to petrification.


   Skills:
 - Level 3.2 Fighting
 - Level 3.4 Axes
 - Level 1.5 Dodging
 - Level 5.4 Stealth
 + Level 0.1 Shields


You had 2 spell levels left.
You didn't know any spells.
Your spell library was empty.

Inventory:

Hand Weapons
 Y - a +0 hand axe (weapon)
Armour
 b - a +0 leather armour (worn)
 h - a +0 helmet (worn)
 j - a +0 buckler (worn)
Wands
 g - a wand of digging (3)
Potions
 f - a potion of haste
 k - a potion of curing {unknown}

Dungeon Overview and Level Annotations

Branches:
Dungeon (5/15)
 Temple: D:4-7

Altars:


Message History

It was a scroll of noise.
You hear a shout!
328 ||| DROPPING scroll of fog.
You drop a scroll of fog.
329 ||| DROPPING scroll of magic mapping.
You drop a scroll of magic mapping.
330 ||| DROPPING scroll of fear.
You drop a scroll of fear.
(D) Dungeon
Where to? (* - list waypoints, ? - help)
What level of the Dungeon? (default 1, ? - help)
Found a ring mail.
Found a warped short sword.
There is a stone staircase leading up here.
You climb upwards.
You hear the sound of rushing water.
There is an entrance to a sewer on this level.
Hurry and find it before the portal rusts away!
There is a stone staircase leading down here.
There are monsters nearby!
Existing waypoints: (2) D:5 Assign waypoint to what number? (0-9, D - delete waypoint) Waypoint 1 assigned to D:4.
340 ||| PLANNING SEWER The helpless quokka fails to defend itself.
You slash the quokka!
You kill the quokka!
You barely miss the ogre. The ogre barely misses you.
You hit the ogre.
The ogre is lightly wounded.
The ogre closely misses you.
You closely miss the ogre.
The ogre is lightly wounded.
You hit the ogre.
The ogre is lightly wounded.
The ogre hits you with a +0 giant spiked club!
You hit the ogre but do no damage.
The ogre is lightly wounded.
The ogre hits you with a +0 giant spiked club!!
Ouch! That really hurt!
You die...

#. #.###
....#
#...##
#....
...######
#.%......
#@.# #O.#
#..# #..#
#..# #..#
.... #...


You could see an ogre.

Vanquished Creatures
  A hound (D:5)
  An adder (D:5)
  A quokka (D:4)
3 creatures vanquished.

Notes
Turn   | Place    | Note
-------+----------+-------------------------------------------
     0 | D:5      | qw the Gargoyle Delver began the quest for the Orb.
     0 | D:5      | Reached XP level 1. HP: 14/14 MP: 1/1
     0 | D:5      | 0 ||| qw: Version: 0.1-a-117-gfe26ee0
     0 | D:5      | 0 ||| qw: Game counter: 9580
     0 | D:5      | 0 ||| qw: Always use a shield: true
     0 | D:5      | 0 ||| qw: God list: Okawaru
     0 | D:5      | 0 ||| qw: Allow faded altars: false
     0 | D:5      | 0 ||| qw: Do Orc after D:15 true
     0 | D:5      | 0 ||| qw: Do second Lair branch before Depths: true
     0 | D:5      | 0 ||| qw: Lair rune preference: random
     0 | D:5      | 0 ||| qw: Plans: Normal
     0 | D:5      | 0 ||| PLANNING D:1-11
    60 | D:5      | Noticed a hound
    70 | D:5      | Killed a hound
    71 | D:5      | Reached skill level 3 in Axes
    71 | D:5      | Reached XP level 2. HP: 13/19 MP: 2/2
    71 | D:5      | Reached XP level 3. HP: 16/23 MP: 3/3
   317 | D:5      | 317 ||| UPGRADING to +0 helmet.
   322 | D:5      | 322 ||| UPGRADING to +0 buckler.
   327 | D:5      | 327 ||| READING scroll labelled UCHAVEVETS.
   328 | D:5      | 328 ||| DROPPING scroll of fog.
   329 | D:5      | 329 ||| DROPPING scroll of magic mapping.
   330 | D:5      | 330 ||| DROPPING scroll of fear.
   339 | D:4      | Noticed an ogre
   340 | D:4      | 340 ||| PLANNING SEWER
   350 | D:4      | Mangled by an ogre

Levels and vault maps discovered:
D:4:      layout_loops_ring, chequers_temple_overflow_statue_of_worship,
          portal_sewer_entry_a, uniq_edmund, uniq_sigmund, uniq_duvessa,
          uniq_blork_the_orc, uniq_natasha
D:5:      layout_cave_pods, mainiacjoe_overflow_tiny_flanked, serial_shops,
          nicolae_shop_temple_entry_statues_fountains

Skill      XL: |  1 |
---------------+----+-----
Axes           | 3 |  3.4
Fighting       | |  3.2
Dodging        | |  1.5
Stealth        | |  5.4
Shields        | |  0.1

Action                   || total
-------------------------++-------
Melee: Hand axe          ||    24
  Use: Scroll            ||     1
 Stab: Sleeping          ||     1
Armor: Leather armour    ||    13
Dodge: Dodged            ||    11

Table legend:
 A = Non-vault XP
 B = Vault XP
 C = Vault XP percentage of total XP
 D = Non-vault monster count
 E = Vault monster count
 F = Vault count percentage of total count
                 A         B        C        D         E       F
            +---------+---------+-------+---------+---------+-------
      Total |      57 |       0 |   0.0 |       3 |       0 |   0.0
            +---------+---------+-------+---------+---------+-------
        D:4 |       2 |       0 |   0.0 |       1 |       0 |   0.0
        D:5 |      55 |       0 |   0.0 |       2 |       0 |   0.0
            +---------+---------+-------+---------+---------+-------
